[Event "FIDE WSTC Open 65 2025"]
[Site "Prague"]
[Date "2025.02.20"]
[Round "4.6"]
[White "Stebbings, Anthony J"]
[Black "Jussupow, Artur"]
[Result "1/2-1/2"]
[Annotator "TA"]
[ECO "D11"]
[WhiteElo "2239"]
[BlackElo "2559"]
[PlyCount "60"]
[EventDate "2025.02.17"]
[EventType "team-tourn"]
[EventCountry "CZE"]
[SourceTitle "playchess.com"]
[Source "ChessBase"]
[SourceQuality "1"]
[TimeControl "40/5400+30:1800+30"]

1. d4 Nf6 2. Nf3 d5 3. g3 c6 4. Bg2 Bf5 5. c4 e6 6. Nc3 h6 7. Qb3 {[%emt 0:00:40] D11: Slav Defence: 3 Nf3 sidelines and 3...Nf6 4 e3 Bg4.} Qb6 8. c5 Qxb3 9. axb3 {[%emt 0:00:06] The position is equal.} Be7 {[%emt 0:00:56] 9...Be7 is better than 9...Na6.} 10. b4 O-O 11. h3 a6 12. g4 Bh7 13. Bf4 Ne4 14. Nd2 (14. h4 $11) 14... Nxd2 $15 15. Kxd2 Nd7 16. e4 dxe4 17. Nxe4 $146 ({Predecessor:} 17. Bxe4 Bxe4 18. Nxe4 f5 19. gxf5 Rxf5 20. Be3 Nf6 21. Ng3 Rd5 22. f4 Rd7 23. Kc2 {0-1 Ciolek,A (2316)-Saric,A (2504) AUT-chT 2223 2022 (6.4)}) 17... Bxe4 18. Bxe4 Nf6 19. Rhe1 Rad8 20. Kc3 Nd5+ 21. Bxd5 Rxd5 22. Rad1 Rfd8 23. Rd3 {[%emt 0:05:27] [#]} a5 $1 24. Re5 (24. bxa5 Bxc5) 24... axb4+ 25. Kc4 $1 R5d7 26. Re4 Kf8 27. Bg3 Rd5 {[%emt 0:02:35][%cal Oe7c5] [#]} 28. Re5 $1 R5d7 29. Re4 $1 Rd5 {[%emt 0:02:41][%cal Oe7c5] Threatens to win with ...Bxc5!. Prevents f4} 30. Re5 $1 R5d7 {[%emt 0:03:11] Weighted Error Value: White=0.11 (very precise) /Black=0.11 (very precise)   Mistake:       	White=1     	---        Inaccurate:     	White=2     	Black=4      OK:         	White=5     	Black=10     Best:        	White=1     	Black=1      Strong:       	White=4     	---} 1/2-1/2

[Event "FIDE WSTC Open 65 2025"]
[Site "Prague"]
[Date "2025.02.20"]
[Round "4.7"]
[White "Meister, Jakob"]
[Black "Povah, Nigel E"]
[Result "1-0"]
[Annotator "RC"]
[ECO "D44"]
[WhiteElo "2418"]
[BlackElo "2206"]
[PlyCount "79"]
[EventDate "2025.02.17"]
[EventType "team-tourn"]
[EventCountry "CZE"]
[SourceTitle "playchess.com"]
[Source "ChessBase"]
[SourceQuality "1"]
[TimeControl "40/5400+30:1800+30"]

1. d4 d5 2. c4 e6 3. Nc3 Bb4 4. Nf3 Nf6 5. Bg5 dxc4 6. e3 b5 7. a4 c6 8. Be2 Nbd7 9. O-O Qb6 10. Qc2 Bb7 11. e4 h6 12. Be3 Ng4 13. Bd2 a6 14. Nxb5 cxb5 15. Bxb4 Ngf6 16. e5 Nd5 17. Qd2 Qc6 18. axb5 axb5 19. Rxa8+ Bxa8 20. Rc1 N7b6 21. Bc5 Kd7 22. Ne1 Na4 23. Bd6 Rc8 24. b3 Nab6 25. bxc4 bxc4 26. Bf1 Qa4 27. Qb2 c3 28. Qb1 Qxd4 29. Qh7 Qg4 30. Ra1 Bb7 31. Ra7 Kc6 32. Qb1 Nc7 33. Qb3 Qd4 34. Nf3 Qd5 35. Qxc3+ Kd7 36. Qb4 Nca8 37. Bf8 Kc6 38. Ra5 Qd1 39. Qc5+ Kd7 40. Qe7+ 1-0

[Event "FIDE WSTC Open 65 2025"]
[Site "Prague"]
[Date "2025.02.20"]
[Round "4.8"]
[White "Snape, Ian L"]
[Black "Koehler, Gerhard"]
[Result "1/2-1/2"]
[Annotator "ChessBase"]
[ECO "A55"]
[WhiteElo "2062"]
[BlackElo "2215"]
[PlyCount "65"]
[EventDate "2025.02.17"]
[EventType "team-tourn"]
[EventCountry "CZE"]
[SourceTitle "playchess.com"]
[Source "ChessBase"]
[SourceQuality "1"]
[TimeControl "40/5400+30:1800+30"]

1. Nf3 Nf6 2. c4 d6 3. d4 Nbd7 4. Nc3 e5 5. e4 Be7 6. Be2 O-O 7. O-O Re8 8. Qc2 c6 9. h3 g6 10. Rd1 Qc7 11. a3 a5 12. Be3 Bf8 13. b3 exd4 14. Nxd4 Nc5 15. Bf3 Bd7 16. b4 Ne6 17. Rac1 Rad8 18. Nb3 axb4 19. axb4 Bc8 20. Qa2 h6 21. Qd2 Kh7 22. Nd4 Bg7 23. Nd5 cxd5 24. cxd5 Qe7 25. dxe6 Bxe6 26. Nb5 Bb3 27. Re1 Qd7 28. Qd3 Ba4 29. Nc7 Re7 30. Bd4 Bc6 31. b5 Qxc7 32. bxc6 bxc6 33. Qc3 1/2-1/2

[Event "FIDE WSTC Open 65 2025"]
[Site "Prague"]
[Date "2025.02.20"]
[Round "4.9"]
[White "Vaisser, Anatoly"]
[Black "Hugentobler, Patrick"]
[Result "1-0"]
[Annotator "RC"]
[ECO "D35"]
[WhiteElo "2452"]
[BlackElo "2242"]
[PlyCount "75"]
[EventDate "2025.02.17"]
[EventType "team-tourn"]
[EventCountry "CZE"]
[SourceTitle "playchess.com"]
[Source "ChessBase"]
[SourceQuality "1"]
[TimeControl "40/5400+30:1800+30"]

1. d4 d5 2. c4 e6 3. Nc3 Nf6 4. cxd5 exd5 5. Bg5 c6 6. e3 h6 7. Bh4 Be7 8. Bd3 Nbd7 9. Nge2 Nh5 10. Bxe7 Qxe7 11. Qd2 Nb6 12. f3 Be6 13. O-O O-O-O 14. b3 Kb8 15. a4 Nc8 16. a5 a6 17. Na4 Nf6 18. Rfc1 Na7 19. Nc5 Nd7 20. Qb4 Nxc5 21. Rxc5 Ka8 22. Nc3 Bc8 23. Re1 Rd6 24. Na4 Nb5 25. Bxb5 axb5 26. Nb6+ Ka7 27. e4 Re8 28. Nxc8+ Rxc8 29. exd5 Qf6 30. Re5 Rcd8 31. Qc3 Qg6 32. dxc6 Rxd4 33. Re2 Rd1+ 34. Kf2 Qb1 35. c7 Rf1+ 36. Kg3 Qg6+ 37. Kh3 f5 38. cxd8=Q 1-0

[Event "FIDE WSTC Open 65 2025"]
[Site "Prague"]
[Date "2025.02.20"]
[Round "4.10"]
[White "Huss, Andreas"]
[Black "Sharif, Mehrshad"]
[Result "1/2-1/2"]
[Annotator "RC"]
[ECO "D38"]
[WhiteElo "2202"]
[BlackElo "2318"]
[PlyCount "28"]
[EventDate "2025.02.17"]
[EventType "team-tourn"]
[EventCountry "CZE"]
[SourceTitle "playchess.com"]
[Source "ChessBase"]
[SourceQuality "1"]
[TimeControl "40/5400+30:1800+30"]

1. d4 d5 2. c4 e6 3. Nf3 Nf6 4. cxd5 exd5 5. Nc3 Bb4 6. Qa4+ Nc6 7. Bg5 h6 8. Bxf6 Qxf6 9. Rc1 O-O 10. e3 Bf5 11. a3 Bxc3+ 12. Rxc3 Ne7 13. Be2 c6 14. O-O Nc8 1/2-1/2

[Event "FIDE WSTC Open 65 2025"]
[Site "Prague"]
[Date "2025.02.20"]
[Round "4.11"]
[White "Roos, Louis"]
[Black "Vucenovic, Dragomir"]
[Result "0-1"]
[Annotator "ChessBase"]
[ECO "D94"]
[WhiteElo "2312"]
[BlackElo "2128"]
[PlyCount "84"]
[EventDate "2025.02.17"]
[EventType "team-tourn"]
[EventCountry "CZE"]
[SourceTitle "playchess.com"]
[Source "ChessBase"]
[SourceQuality "1"]
[TimeControl "40/5400+30:1800+30"]

1. Nf3 Nf6 2. c4 c6 3. b3 g6 4. Bb2 Bg7 5. e3 O-O 6. Be2 d5 7. O-O Re8 8. d4 Ne4 9. Nc3 Nxc3 10. Bxc3 Bg4 11. Rc1 e6 12. Qc2 Bxf3 13. Bxf3 f5 14. g3 Nd7 15. Bg2 Nf6 16. Rfe1 g5 17. cxd5 cxd5 18. Bb4 Rc8 19. Qb2 Qd7 20. Qa3 a6 21. Qa5 Rxc1 22. Rxc1 Rc8 23. Rxc8+ Qxc8 24. Bc5 Kf7 25. b4 Bf8 26. Bf1 Be7 27. Qa3 Bxc5 28. dxc5 Qc7 29. Qc3 e5 30. a4 a5 31. Bd3 e4 32. Bb5 axb4 33. Qxb4 f4 34. c6 bxc6 35. Qc5 Qa5 36. Qxc6 Qe1+ 37. Bf1 fxe3 38. Qc7+ Kg6 39. Qc2 exf2+ 40. Qxf2 Qa1 41. Qc2 d4 42. Kg2 Qc3 0-1

[Event "FIDE WSTC Open 65 2025"]
[Site "Prague"]
[Date "2025.02.20"]
[Round "4.12"]
[White "Kradolfer, Georg"]
[Black "Giffard, Nicolas"]
[Result "1/2-1/2"]
[Annotator "ChessBase"]
[ECO "A23"]
[WhiteElo "1937"]
[BlackElo "2154"]
[PlyCount "39"]
[EventDate "2025.02.17"]
[EventType "team-tourn"]
[EventCountry "CZE"]
[SourceTitle "playchess.com"]
[Source "ChessBase"]
[SourceQuality "1"]
[TimeControl "40/5400+30:1800+30"]

1. c4 e5 2. Nc3 Nf6 3. g3 c6 4. Nf3 e4 5. Nd4 Bc5 6. Nb3 Be7 7. Bg2 d5 8. cxd5 cxd5 9. d3 exd3 10. Qxd3 Be6 11. Nd4 Nc6 12. Nxc6 bxc6 13. O-O O-O 14. b3 Qd7 15. Bb2 Rfd8 16. Rfd1 Qb7 17. Rac1 Bf8 18. Na4 Nd7 19. Bd4 Rac8 20. Nc5 1/2-1/2

[Event "FIDE WSTC Open 65 2025"]
[Site "Prague"]
[Date "2025.02.20"]
[Round "4.13"]
[White "Yrjola, Jouni"]
[Black "Birnboim, Nathan"]
[Result "1/2-1/2"]
[Annotator "ChessBase"]
[ECO "A28"]
[WhiteElo "2287"]
[BlackElo "2313"]
[PlyCount "25"]
[EventDate "2025.02.17"]
[EventType "team-tourn"]
[EventCountry "CZE"]
[SourceTitle "playchess.com"]
[Source "ChessBase"]
[SourceQuality "1"]
[TimeControl "40/5400+30:1800+30"]

1. c4 e5 2. Nc3 Nf6 3. Nf3 Nc6 4. e3 d5 5. cxd5 Nxd5 6. Bb5 Nxc3 7. bxc3 Bd6 8. d4 Bd7 9. O-O O-O 10. Nd2 Re8 11. Bd3 Bf8 12. Rb1 Rb8 13. Qc2 1/2-1/2

[Event "FIDE WSTC Open 65 2025"]
[Site "Prague"]
[Date "2025.02.20"]
[Round "4.14"]
[White "Maryasin, Boris"]
[Black "Binham, Timothy F."]
[Result "0-1"]
[Annotator "ChessBase"]
[ECO "C55"]
[WhiteElo "2218"]
[BlackElo "2250"]
[PlyCount "68"]
[EventDate "2025.02.17"]
[EventType "team-tourn"]
[EventCountry "CZE"]
[SourceTitle "playchess.com"]
[Source "ChessBase"]
[SourceQuality "1"]
[TimeControl "40/5400+30:1800+30"]

1. e4 e5 2. Nf3 Nc6 3. Bc4 Nf6 4. d3 h6 5. O-O d6 6. c3 g5 7. Re1 Bg7 8. d4 Bg4 9. Bb5 Nd7 10. d5 Ne7 11. h3 Bh5 12. Nbd2 c6 13. dxc6 bxc6 14. Ba4 Nc5 15. Bc2 O-O 16. g4 Bg6 17. b4 Ne6 18. Nc4 d5 19. Ncxe5 Bxe4 20. Bxe4 dxe4 21. Qxd8 Rfxd8 22. Rxe4 Rd1+ 23. Kh2 a5 24. a3 Nd5 25. Rc4 Nef4 26. Bb2 Rxa1 27. Bxa1 axb4 28. cxb4 Rxa3 29. Bd4 f6 30. Rxc6 fxe5 31. Nxe5 Rxh3+ 32. Kg1 Rb3 33. Rc8+ Kh7 34. Rd8 Rxb4 0-1

[Event "FIDE WSTC Open 65 2025"]
[Site "Prague"]
[Date "2025.02.20"]
[Round "4.15"]
[White "Westerinen, Heikki M.J."]
[Black "Lederman, Leon"]
[Result "0-1"]
[Annotator "ChessBase"]
[ECO "C02"]
[WhiteElo "2213"]
[BlackElo "2198"]
[PlyCount "114"]
[EventDate "2025.02.17"]
[EventType "team-tourn"]
[EventCountry "CZE"]
[SourceTitle "playchess.com"]
[Source "ChessBase"]
[SourceQuality "1"]
[TimeControl "40/5400+30:1800+30"]

1. e4 c5 2. c3 e6 3. d4 d5 4. e5 Nc6 5. Nf3 Qb6 6. Bd3 Bd7 7. dxc5 Bxc5 8. O-O a5 9. a4 f5 10. Na3 Nge7 11. Nb5 O-O 12. Qe2 Na7 13. Nbd4 Nec6 14. Be3 Nxd4 15. Nxd4 Nc6 16. Nxc6 bxc6 17. Bxc5 Qxc5 18. Qd2 Rfb8 19. Rfb1 Rb6 20. Bc2 Rab8 21. b3 Qe7 22. Re1 c5 23. Re3 Qg5 24. Qd3 Bc8 25. Rg3 Qf4 26. Re1 Ba6 27. Qd1 c4 28. bxc4 Bxc4 29. Rf3 Qg5 30. Rg3 Qe7 31. Bd3 Bxd3 32. Qxd3 Qc5 33. h4 Rb2 34. Qf3 Rb1 35. Rxb1 Rxb1+ 36. Kh2 Rf1 37. Qh5 Qe7 38. Rf3 Re1 39. Re3 Ra1 40. c4 g6 41. Qh6 Rxa4 42. Rb3 Rb4 43. Rxb4 axb4 44. cxd5 exd5 45. Qf4 Kf7 46. Qd4 Qb7 47. g4 b3 48. gxf5 gxf5 49. Qd1 Ke6 50. f4 b2 51. Qh5 b1=Q 52. Qh6+ Kd7 53. Qd6+ Ke8 54. Qe6+ Qe7 55. Qg8+ Kd7 56. Qxd5+ Kc7 57. Qc4+ Kb8 0-1

[Event "FIDE WSTC Open 65 2025"]
[Site "Prague"]
[Date "2025.02.20"]
[Round "4.16"]
[White "Gal, Moshe"]
[Black "Joentausta, Hannu"]
[Result "1-0"]
[Annotator "NA"]
[ECO "A54"]
[WhiteElo "2059"]
[BlackElo "2097"]
[PlyCount "93"]
[EventDate "2025.02.17"]
[EventType "team-tourn"]
[EventCountry "CZE"]
[SourceTitle "playchess.com"]
[Source "ChessBase"]
[SourceQuality "1"]
[TimeControl "40/5400+30:1800+30"]

1. c4 e5 2. Nc3 Nc6 3. Nf3 d6 4. d4 exd4 5. Nxd4 Nf6 6. g3 Bd7 7. Bg2 Be7 8. O-O O-O 9. b3 Nxd4 10. Qxd4 Bc6 11. e4 Nd7 12. Bb2 Bf6 13. Qd2 Re8 14. Rfe1 a5 15. a3 Nc5 16. Qc2 Qd7 17. b4 Ba4 18. Nxa4 Qxa4 19. Qxa4 Nxa4 20. Bxf6 gxf6 21. e5 Rxe5 22. Rxe5 fxe5 23. Bxb7 Ra7 24. Bd5 Nb6 25. b5 Nxd5 26. cxd5 a4 27. Rb1 Ra5 28. f3 Kf8 29. Kf2 Ke7 30. Ke3 f5 31. Kd3 Kf6 32. Kc4 h5 33. Kb4 Ra8 34. Rc1 e4 35. f4 Ra7 36. Rc6 Ke7 37. Ra6 Rb7 38. Kxa4 Rb6 39. Rxb6 cxb6 40. Kb4 Kd7 41. a4 Kc7 42. Kc4 Kd7 43. Kd4 Kc7 44. h3 Kd7 45. g4 fxg4 46. hxg4 h4 47. Kxe4 1-0

[Event "FIDE WSTC Open 65 2025"]
[Site "Prague"]
[Date "2025.02.20"]
[Round "4.17"]
[White "Jansa, Vlastimil"]
[Black "Welling, Gerard"]
[Result "1/2-1/2"]
[Annotator "ChessBase"]
[ECO "C07"]
[WhiteElo "2267"]
[BlackElo "2195"]
[PlyCount "83"]
[EventDate "2025.02.17"]
[EventType "team-tourn"]
[EventCountry "CZE"]
[SourceTitle "playchess.com"]
[Source "ChessBase"]
[SourceQuality "1"]
[TimeControl "40/5400+30:1800+30"]

1. e4 e6 2. d4 d5 3. Nd2 c5 4. Ngf3 cxd4 5. Nxd4 Nc6 6. Bb5 Bd7 7. Nxc6 Bxc6 8. Bxc6+ bxc6 9. c4 Nf6 10. Qa4 Qd7 11. e5 c5 12. Qc2 Ng8 13. cxd5 exd5 14. O-O Nh6 15. Nf3 Nf5 16. Re1 Be7 17. Bg5 Rc8 18. Rad1 O-O 19. Bxe7 Nxe7 20. Ng5 Ng6 21. e6 fxe6 22. Nxe6 Rf6 23. Nxc5 Qg4 24. h3 Qg5 25. Rd3 Qf5 26. b4 Ne5 27. Rxe5 Qxe5 28. Qd2 Rd8 29. Rd4 h5 30. h4 Rdd6 31. g3 Rf3 32. Ne4 Rc6 33. Ng5 Rxg3+ 34. fxg3 Qxg3+ 35. Kh1 Rf6 36. Qe2 Rf8 37. Qe6+ Kh8 38. Nf7+ Kh7 39. Ng5+ Kh8 40. Nf7+ Kh7 41. Qxd5 Qe1+ 42. Kg2 1/2-1/2

[Event "FIDE WSTC Open 65 2025"]
[Site "Prague"]
[Date "2025.02.20"]
[Round "4.18"]
[White "Prakken, Gerrit"]
[Black "Polasek, Jaroslav"]
[Result "1-0"]
[Annotator "RC"]
[ECO "A99"]
[WhiteElo "2155"]
[BlackElo "2344"]
[PlyCount "81"]
[EventDate "2025.02.17"]
[EventType "team-tourn"]
[EventCountry "CZE"]
[SourceTitle "playchess.com"]
[Source "ChessBase"]
[SourceQuality "1"]
[TimeControl "40/5400+30:1800+30"]

1. d4 e6 2. Nf3 f5 3. g3 Nf6 4. Bg2 Be7 5. O-O O-O 6. c4 d6 7. Nc3 Qe8 8. b3 Qh5 9. Ba3 Nbd7 10. Nd2 Qh6 11. Rc1 e5 12. dxe5 Nxe5 13. Nf3 Nxf3+ 14. exf3 f4 15. Re1 Bd8 16. c5 Bd7 17. cxd6 c6 18. Rc2 Ba5 19. b4 Bb6 20. Bc1 g5 21. Re5 Rae8 22. Rce2 Bd8 23. Qd4 Nh5 24. Rxe8 Bxe8 25. Bh3 Bf7 26. Ne4 Bb6 27. Nc5 fxg3 28. Bb2 gxf2+ 29. Rxf2 Bd5 30. d7 Nf4 31. Bg4 Qg6 32. Bf5 Qh6 33. Kh1 Nh5 34. Be4 Be6 35. Qd6 Nf4 36. Rd2 Qh3 37. Rf2 Bxd7 38. Nxd7 Rd8 39. Qe7 Qh6 40. Rd2 Nd5 41. Rxd5 1-0

[Event "FIDE WSTC Open 65 2025"]
[Site "Prague"]
[Date "2025.02.20"]
[Round "4.19"]
[White "Mozny, Milos"]
[Black "Van Egmond, Rogier"]
[Result "1/2-1/2"]
[Annotator "ChessBase"]
[ECO "A46"]
[WhiteElo "2232"]
[BlackElo "2057"]
[PlyCount "40"]
[EventDate "2025.02.17"]
[EventType "team-tourn"]
[EventCountry "CZE"]
[SourceTitle "playchess.com"]
[Source "ChessBase"]
[SourceQuality "1"]
[TimeControl "40/5400+30:1800+30"]

1. d4 Nf6 2. Nf3 e6 3. g3 b5 4. a4 b4 5. Bg2 Bb7 6. a5 c5 7. c3 cxd4 8. cxd4 Be7 9. O-O O-O 10. Nbd2 Na6 11. Nb3 d6 12. Qd3 Qc8 13. Bf4 Be4 14. Qe3 Qb7 15. Rfc1 Rfc8 16. Nbd2 Rxc1+ 17. Rxc1 Bd5 18. Qd3 h6 19. Bf1 Ne4 20. Nxe4 Bxe4 1/2-1/2

[Event "FIDE WSTC Open 65 2025"]
[Site "Prague"]
[Date "2025.02.20"]
[Round "4.21"]
[White "Ogaard, Leif"]
[Black "Wirthensohn, Heinz"]
[Result "0-1"]
[Annotator "RC"]
[ECO "B38"]
[WhiteElo "2358"]
[BlackElo "2273"]
[PlyCount "50"]
[EventDate "2025.02.17"]
[EventType "team-tourn"]
[EventCountry "CZE"]
[SourceTitle "playchess.com"]
[Source "ChessBase"]
[SourceQuality "1"]
[TimeControl "40/5400+30:1800+30"]

1. Nf3 c5 2. c4 g6 3. d4 cxd4 4. Nxd4 Nc6 5. e4 Bg7 6. Be3 Nf6 7. Nc3 O-O 8. Be2 b6 9. Nc2 Bb7 10. Qd2 Rc8 11. f3 Ne5 12. b3 d6 13. O-O a6 14. Rac1 Re8 15. Rfd1 Ned7 16. Bf1 Qc7 17. Nb4 Qb8 18. Nbd5 Bc6 19. Qf2 b5 20. cxb5 Bxb5 21. Nxb5 Rxc1 22. Rxc1 Nxd5 23. Nxd6 Nxe3 24. Nxe8 Bd4 25. Qd2 Ng4+ 0-1

[Event "FIDE WSTC Open 65 2025"]
[Site "Prague"]
[Date "2025.02.20"]
[Round "4.22"]
[White "Sadeghi, Hassan Roger"]
[Black "Heim, Sverre"]
[Result "1/2-1/2"]
[Annotator "ChessBase"]
[ECO "A47"]
[WhiteElo "2029"]
[BlackElo "2312"]
[PlyCount "57"]
[EventDate "2025.02.17"]
[EventType "team-tourn"]
[EventCountry "CZE"]
[SourceTitle "playchess.com"]
[Source "ChessBase"]
[SourceQuality "1"]
[TimeControl "40/5400+30:1800+30"]

1. d4 e6 2. Nf3 Nf6 3. Bg5 c5 4. e3 cxd4 5. exd4 b6 6. Nbd2 Be7 7. Bd3 Bb7 8. O-O O-O 9. Re1 d6 10. c3 Nbd7 11. Nc4 b5 12. Ne3 a6 13. a4 Rb8 14. Qe2 Be4 15. Bxe4 Nxe4 16. Bxe7 Qxe7 17. axb5 axb5 18. d5 Ndf6 19. Nd4 Qd7 20. Nc6 Rb6 21. f3 Nc5 22. b4 Na4 23. c4 exd5 24. Nxd5 Rxc6 25. Qe7 Qf5 26. Qxf6 Qxf6 27. Nxf6+ gxf6 28. cxb5 Rb6 29. Rxa4 1/2-1/2

[Event "FIDE WSTC Open 65 2025"]
[Site "Prague"]
[Date "2025.02.20"]
[Round "4.23"]
[White "Moen, Ole Christian"]
[Black "Zuelle, Bruno"]
[Result "1-0"]
[Annotator "ChessBase"]
[ECO "B18"]
[WhiteElo "2201"]
[BlackElo "2038"]
[PlyCount "95"]
[EventDate "2025.02.17"]
[EventType "team-tourn"]
[EventCountry "CZE"]
[SourceTitle "playchess.com"]
[Source "ChessBase"]
[SourceQuality "1"]
[TimeControl "40/5400+30:1800+30"]

1. e4 c6 2. d4 d5 3. Nd2 dxe4 4. Nxe4 Bf5 5. Ng3 Bg6 6. Nf3 Nd7 7. c3 e6 8. Bf4 Ngf6 9. Nh4 Nd5 10. Nxg6 hxg6 11. Bd2 Qc7 12. c4 Nf4 13. Qf3 Nh5 14. Ne4 Nhf6 15. O-O-O Nxe4 16. Qxe4 Be7 17. g3 O-O-O 18. Be3 Qa5 19. Kb1 Nf6 20. Qc2 Ng4 21. Bc1 Rxh2 22. Rxh2 Nxh2 23. Bg2 Ng4 24. d5 Qc5 25. dxc6 bxc6 26. Rxd8+ Bxd8 27. Qa4 Kb7 28. Qd1 Qf5+ 29. Ka1 Bc7 30. Bh3 Qxf2 31. Bxg4 Qxg3 32. Bf3 Qd6 33. Qa4 Bb6 34. a3 e5 35. Qb3 Qc5 36. Ka2 f5 37. Be2 Qf2 38. Qd1 Bd4 39. c5 Kc7 40. Ba6 Qg3 41. Qh1 Bxc5 42. Qh8 Be7 43. Qc8+ Kd6 44. Bd2 Kd5 45. Qd7+ Bd6 46. Qf7+ Ke4 47. Qc4+ Kf3 48. Qe2# 1-0

[Event "FIDE WSTC Open 65 2025"]
[Site "Prague"]
[Date "2025.02.20"]
[Round "4.24"]
[White "Erismann, Peter"]
[Black "Bjerke, Richard"]
[Result "1/2-1/2"]
[Annotator "ChessBase"]
[ECO "C07"]
[WhiteElo "2013"]
[BlackElo "2037"]
[PlyCount "98"]
[EventDate "2025.02.17"]
[EventType "team-tourn"]
[EventCountry "CZE"]
[SourceTitle "playchess.com"]
[Source "ChessBase"]
[SourceQuality "1"]
[TimeControl "40/5400+30:1800+30"]

1. e4 e6 2. d4 d5 3. Nd2 c5 4. exd5 Qxd5 5. Ngf3 cxd4 6. Bc4 Qd6 7. O-O Nc6 8. Nb3 Nf6 9. Nbxd4 Nxd4 10. Nxd4 Be7 11. c3 O-O 12. Qf3 a6 13. Bb3 Qc7 14. Re1 Bd6 15. h3 e5 16. Nc2 e4 17. Qe2 h6 18. Ne3 Qc5 19. Ng4 Bxg4 20. hxg4 Rae8 21. Be3 Qc8 22. g5 hxg5 23. Bxg5 Ng4 24. Rad1 Bc5 25. Be3 Bxe3 26. fxe3 Qf5 27. Rd5 Re5 28. Rxe5 Nxe5 29. Rf1 Qg6 30. Rf4 Rd8 31. Kf1 Qh7 32. Qf2 g5 33. Rf5 Nf3 34. Rd5 Qh1+ 35. Ke2 Rxd5 36. Bxd5 Ne5 37. Qg3 Qh5+ 38. Kd2 g4 39. Bxe4 Nc4+ 40. Kc2 Qc5 41. Qxg4+ Kf8 42. Qf4 b5 43. b4 Qh5 44. Bd3 Na3+ 45. Kd2 Qd5 46. Qh6+ Ke7 47. Qh4+ Kf8 48. Qh8+ Ke7 49. Qh4+ Kf8 1/2-1/2

[Event "FIDE WSTC Open 65 2025"]
[Site "Prague"]
[Date "2025.02.20"]
[Round "4.25"]
[White "Uddenfeldt, Dan"]
[Black "Boudre, Jean-Pierre"]
[Result "1-0"]
[Annotator "ChessBase"]
[ECO "E11"]
[WhiteElo "2311"]
[BlackElo "2206"]
[PlyCount "97"]
[EventDate "2025.02.17"]
[EventType "team-tourn"]
[EventCountry "CZE"]
[SourceTitle "playchess.com"]
[Source "ChessBase"]
[SourceQuality "1"]
[TimeControl "40/5400+30:1800+30"]

1. Nf3 Nf6 2. d4 e6 3. c4 Bb4+ 4. Bd2 c5 5. dxc5 Bxc5 6. Qc2 Nc6 7. e3 b6 8. a3 Bb7 9. Nc3 O-O 10. Bd3 Rc8 11. O-O Be7 12. e4 d6 13. Bf4 Nh5 14. Be3 Nf6 15. Rfd1 Qc7 16. Bg5 Ne5 17. Nd2 Rfd8 18. h3 h6 19. Bf4 Qb8 20. Bh2 Qa8 21. Be2 Nfd7 22. f4 Nc6 23. Nf3 Nf6 24. b4 d5 25. exd5 exd5 26. Qb3 d4 27. Nb5 a6 28. Nbxd4 Nxd4 29. Rxd4 Rxd4 30. Nxd4 Bxg2 31. Nf5 Bf8 32. Nxh6+ gxh6 33. Qg3+ Bg7 34. Qxg2 Qa7 35. Kh1 Kh8 36. Rg1 Rg8 37. Bd3 Qd7 38. Qf3 Qd4 39. Rd1 Qb2 40. Bf1 Re8 41. Bg1 Ne4 42. Bxb6 Qf6 43. Bg1 Qh4 44. Kh2 f5 45. c5 Qf6 46. Rd7 Rg8 47. Rd5 Qa1 48. Bg2 Qb1 49. Qd3 1-0

[Event "FIDE WSTC Open 65 2025"]
[Site "Prague"]
[Date "2025.02.20"]
[Round "4.26"]
[White "Brongers, Henk"]
[Black "Renman, Nils-Gustaf"]
[Result "0-1"]
[Annotator "ChessBase"]
[ECO "C15"]
[WhiteElo "2022"]
[BlackElo "2306"]
[PlyCount "128"]
[EventDate "2025.02.17"]
[EventType "team-tourn"]
[EventCountry "CZE"]
[SourceTitle "playchess.com"]
[Source "ChessBase"]
[SourceQuality "1"]
[TimeControl "40/5400+30:1800+30"]

1. e4 e6 2. d4 d5 3. Nc3 Bb4 4. Nge2 dxe4 5. a3 Bxc3+ 6. Nxc3 Nc6 7. d5 exd5 8. Qxd5 Be6 9. Qxe4 Nf6 10. Qa4 Qe7 11. Be2 Nd5 12. Bd2 O-O-O 13. Nxd5 Bxd5 14. Be3 Qe4 15. Qxe4 Bxe4 16. c3 Bxg2 17. Rg1 Be4 18. Rxg7 Bg6 19. h4 h5 20. Bc4 Ne5 21. Bb3 Nf3+ 22. Kf1 Rd7 23. Rxg6 fxg6 24. Be6 Kd8 25. Bxd7 Kxd7 26. Rd1+ Ke6 27. Bf4 Rh7 28. Bg3 Kf5 29. Rd8 Rf7 30. Rg8 Nd2+ 31. Kg2 Nc4 32. Rc8 Nxb2 33. Bxc7 Ke6 34. Bg3 Kd5 35. Rg8 Rf6 36. Rg7 Kc6 37. Be5 Re6 38. Bd4 a5 39. Kf3 Nc4 40. a4 Nb2 41. Rg8 Nxa4 42. c4 Nb6 43. c5 Nd7 44. Rc8+ Kd5 45. Be3 Ne5+ 46. Kf4 Nc4 47. Rd8+ Kc6 48. Bd4 Nd2 49. f3 Nb3 50. Be3 a4 51. Ra8 Kb5 52. Rb8 Nxc5 53. Bxc5 Kxc5 54. Rxb7 Ra6 55. Kg5 a3 56. Rb1 Kc4 57. f4 a2 58. Ra1 Kb3 59. Rf1 Rc6 60. f5 gxf5 61. Ra1 Kb2 62. Rxa2+ Kxa2 63. Kxh5 f4 64. Kg4 Rh6 0-1

[Event "FIDE WSTC Open 65 2025"]
[Site "Prague"]
[Date "2025.02.20"]
[Round "4.27"]
[White "Wahlbom, Magnus"]
[Black "Donnenfeld, Patrice"]
[Result "1-0"]
[Annotator "ChessBase"]
[ECO "B27"]
[WhiteElo "2109"]
[BlackElo "2052"]
[PlyCount "84"]
[EventDate "2025.02.17"]
[EventType "team-tourn"]
[EventCountry "CZE"]
[SourceTitle "playchess.com"]
[Source "ChessBase"]
[SourceQuality "1"]
[TimeControl "40/5400+30:1800+30"]

1. e4 g6 2. d4 Bg7 3. Nf3 c6 4. c4 d5 5. exd5 cxd5 6. cxd5 Nf6 7. Bb5+ Bd7 8. Bc4 O-O 9. Qb3 Qb6 10. Qxb6 axb6 11. O-O Na6 12. Nc3 Rac8 13. Ne5 Rfd8 14. Bb3 Be8 15. Nc4 Nd7 16. d6 e6 17. Nb5 Nb4 18. Bg5 f6 19. Bd2 Nd5 20. Ne3 Nxe3 21. Bxe6+ Bf7 22. Bxf7+ Kxf7 23. Bxe3 Rc2 24. b3 Rdc8 25. a4 Rb2 26. Rab1 Rxb1 27. Rxb1 Bf8 28. h4 h6 29. Re1 g5 30. hxg5 hxg5 31. f4 Kg6 32. fxg5 fxg5 33. Bf2 Kf5 34. Bg3 Kg4 35. Kh2 Kf5 36. Nc7 Bg7 37. Rd1 Kg4 38. Rd3 Rh8+ 39. Kg1 Bxd4+ 40. Rxd4+ Kxg3 41. Nd5 Rc8 42. Ne3 Rc1+ 1-0

[Event "FIDE WSTC Open 65 2025"]
[Site "Prague"]
[Date "2025.02.20"]
[Round "4.28"]
[White "Canonne, Antoine"]
[Black "Hammar, Bengt"]
[Result "0-1"]
[Annotator "ChessBase"]
[ECO "B23"]
[WhiteElo "1885"]
[BlackElo "2100"]
[PlyCount "80"]
[EventDate "2025.02.17"]
[EventType "team-tourn"]
[EventCountry "CZE"]
[SourceTitle "playchess.com"]
[Source "ChessBase"]
[SourceQuality "1"]
[TimeControl "40/5400+30:1800+30"]

1. e4 c5 2. Nc3 e6 3. f4 Nc6 4. Nf3 d6 5. Bb5 Nge7 6. O-O g6 7. d3 Bg7 8. Qe1 O-O 9. Bxc6 Nxc6 10. Bd2 h6 11. Kh1 Rb8 12. Nd1 f5 13. e5 dxe5 14. Nxe5 Nxe5 15. fxe5 b6 16. Bc3 Bb7 17. Qg3 g5 18. Nf2 Qd5 19. Rae1 Rf7 20. Rg1 Rbf8 21. h4 f4 22. Qg4 f3 23. g3 Rf5 24. Kh2 Bxe5 25. Bxe5 Rxe5 26. c4 Qd6 27. h5 Rff5 28. Rgf1 Kg7 29. Kg1 Re2 30. Rxe2 fxe2 31. Re1 Bf3 32. Qh3 Qd4 33. Qh2 g4 34. Qh4 Kf7 35. a4 Rg5 36. Rb1 Qe5 37. Ne4 Qd4+ 38. Nf2 a5 39. Qh2 Qe5 40. Re1 Rxh5 0-1